 Dungeon Crawl Stone Soup version 5.2-4-g6121e92 (webtiles) character file.

0 Fisto the Ruffian (level 5, -20/52 HPs) *CASUAL*
             Began as a Troll Fighter on Nov 13, 2017.
             Killed from afar by a jackal (37 damage)
             ... with an exploding inner flame
             ... hexed by the player character
             ... on level 3 of the Dungeon.
             The game lasted 00:05:35 (1642 turns).

Fisto the Ruffian (Troll Fighter)                   Turns: 1642, Time: 00:05:36

Health: -20/52     AC:  5 (0%)Str: 25   XL:     5   Next: 66%
Magic:  4/4        EV:  9    Int:  4    God:
Gold:   222        SH:  9    Dex:  9    Spells: 4/4 levels left

rFire    . . .     SeeInvis .     - Unarmed
rCold    . . .     Faith    .   b - +0 shield
rNeg     . . .     Spirit   .   a - +0 robe
rPois    .         Reflect  .   (helmet restricted)
rElec    .                      (no cloak)
rCorr    .                      (gloves unavailable)
MR       .....                  (boots unavailable)
Stlth    +.........             (no amulet)
Regen    0.6/turn               (no ring)
MPRegen  0.2/turn               (no ring)

@: lethally poisoned (-20 -> -20)
A: unfitting armour, claws 3, regeneration 1, tough skin 3
a: no special abilities


You were on level 3 of the Dungeon.
You were not hungry.

You visited 1 branch of the dungeon, and saw 3 of its levels.

You collected 222 gold pieces.

Inventory:

Missiles
 e - 144 poisoned darts (quivered)
 i - 63 silver javelins
 k - 331 stones
 n - 66 arrows
Armour
 a - a +0 robe (worn)
 b - a +0 shield (worn)
Jewellery
 m - an uncursed ring of resist corrosion
 p - an uncursed amulet of magic regeneration
Scrolls
 g - a scroll of enchant weapon
 h - 2 scrolls of fear
 l - a scroll of enchant armour
 q - a scroll of noise
Potions
 c - a potion of augmentation
 d - a potion of cancellation
 j - a potion of mutation
 o - a potion of lignification


   Skills:
 + Level 2.8 Fighting
 + Level 3.6 Dodging
 + Level 3.3 Shields
 + Level 3.7 Unarmed Combat


You had 4 spell levels left.
You didn't know any spells.

Dungeon Overview and Level Annotations

Branches:
Dungeon (3/15)

Altars:
Cheibriados
Dithmenos
Okawaru


Innate Abilities, Weirdness & Mutations

You are too large for most types of armour.
You have claws for hands.
Your natural rate of healing is unusually fast.
You have extremely tough skin. (AC +3)


Message History

You feel sick.
You block the jackal's attack. x2; The orc closely misses you.
You claw the orc (16)!
You kill the orc!
You feel sick. The jackal closely misses you. The orc barely misses you.
The jackal barely misses you.
As you read the scroll of immolation, it crumbles to dust.
The creatures around you are filled with an inner flame!
The jackal bites you but does no damage.
The jackal bites you (1).
As you read the scroll of fear, it crumbles to dust.
You assume a fearsome visage.
The quokka looks frightened!
The jackal looks frightened! x2; The orc warrior looks frightened!
The orc looks frightened! x2; The orc wizard looks frightened!
The orc wizard gestures wildly while chanting.
The orc wizard blinks!
You mangle the jackal (19)!!
The jackal explodes!
The fiery explosion engulfs you!
That hurt (37)!
Ouch! That really hurt!
You die...

.# #####.#
.......
.#.....
##...##..
#@)§o....
##§§oo....
#.§§§h..##
#r)#o####
#.....#
...........
...........##
.>.o.........#
.............#


You could see an orc warrior (inner flame), an orc wizard (inner flame), 2 orcs,
a quokka (inner flame) and a jackal (inner flame).

Vanquished Creatures
  A worker ant (D:3)
  3 gnolls (D:2)
  A dart slug (D:2)
  3 orcs (D:3)
  2 quokkas
  3 bats
  4 giant cockroaches
  7 hobgoblins
  5 jackals
  5 frilled lizards
  6 goblins
  4 kobolds
  5 rats (D:2)
49 creatures vanquished.

Notes
Turn   | Place    | Note
-------+----------+-------------------------------------------
     0 | D:1      | Fisto the Troll Fighter began the quest for the Orb.
     0 | D:1      | Reached XP level 1. HP: 22/22 MP: 0/0
    34 | D:1      | Reached XP level 2. HP: 27/29 MP: 1/1
   235 | D:1      | Reached XP level 3. HP: 36/36 MP: 2/2
   945 | D:2      | Found a snail-covered altar of Cheibriados.
   977 | D:2      | Reached XP level 4. HP: 44/44 MP: 3/3
  1083 | D:2      | Found an iron altar of Okawaru.
  1195 | D:2      | Found a shadowy altar of Dithmenos.
  1210 | D:2      | Reached XP level 5. HP: 27/52 MP: 4/4
  1628 | D:3      | Noticed an orc warrior
  1642 | D:3      | Killed from afar by a jackal

Skill      XL: |  1  2  3  4 |
---------------+-------------+-----
Dodging        | 3 |  3.6
Shields        | 3 |  3.3
Unarmed Combat | 3 |  3.7
Fighting       | |  2.8

Action                   |  1- 3 |  4- 6 || total
-------------------------+-------+-------++-------
Melee: Unarmed           |    87 |    58 ||   145
       Spear             |     1 |       ||     1
  Use: Scroll            |       |     2 ||     2
Armor: Robe              |    35 |    17 ||    52
Dodge: Dodged            |    28 |    17 ||    45
Block: Shield            |    49 |    36 ||    85
